 Dungeon Crawl Stone Soup version 0.22-a0-408-g0c774a7e83 (webtiles) character file.

3792 morra the Basher (level 10, -3/71 HPs)
             Began as a Halfling Hunter on May 10, 2018.
             Was an Initiate of Gozag.
             Killed by nerve-wracking pain
             ... invoked by an orc priest
              (9 damage)
             ... on level 8 of the Dungeon.
             The game lasted 00:36:34 (9201 turns).

morra the Basher (Halfling Hunter)                  Turns: 9201, Time: 00:36:35

Health: -3/71      AC:  9    Str: 16    XL:     10   Next: 39%
Magic:  12/12      EV: 14    Int:  9    God:    Gozag
Gold:   464        SH:  0    Dex: 16    Spells: 9/9 levels left

rFire    . . .     SeeInvis .   a - +0 flail (holy)
rCold    + . .     Gourm    .   (shield restricted)
rNeg     . . .     Faith    .   A - +0 scale mail
rPois    +         Spirit   .   r - +0 helmet
rElec    .         Reflect  .   (no cloak)
rCorr    .         Harm     .   (no gloves)
MR       .....                  e - +0 pair of boots
Stlth    ..........             (no amulet)
HPRegen  0.21/turn              k - ring of poison resistance
MPRegen  0.13/turn              v - ring of protection from cold

@: berserk cooldown, very slightly contaminated, slowed, invisible, very slow
A: small, mutation resistance 1
a: Potion Petition, Call Merchant, Bribe Branch, Renounce Religion


You were on level 8 of the Dungeon.
You worshipped Gozag.
Gozag was aware of your devotion.
You were not hungry.

You visited 2 branches of the dungeon, and saw 9 of its levels.

You collected 575 gold pieces.
You paid 111 gold pieces to Gozag.

Inventory:

Hand Weapons
 a - a +0 flail of holy wrath (weapon)
 b - a +1 hunting sling of freezing
 p - a +0 blowgun
Missiles
 g - a throwing net
 h - 96 stones (quivered)
 z - 6 sling bullets
Armour
 e - a +0 pair of boots (worn)
 r - a +0 helmet (worn)
 A - a +0 scale mail (worn)
Jewellery
 k - a ring of poison resistance (left hand)
 m - an uncursed ring of resist corrosion
 v - a ring of protection from cold (right hand)
Wands
 n - a wand of random effects (47)
 x - a wand of disintegration (9)
Scrolls
 c - 2 scrolls of amnesia
 j - 2 scrolls of remove curse
 l - 4 scrolls of magic mapping
 u - a scroll of silence
 y - a scroll of identify
Potions
 d - a potion of might
 i - 2 potions of brilliance
 w - 2 potions of flight
Comestibles
 f - 15 rations


   Skills:
 + Level 7.3 Fighting
 * Level 9.7 Maces & Flails
 - Level 5.8 Slings
 + Level 3.5 Armour
 + Level 3.6 Dodging
 - Level 1.1 Stealth
 + Level 3.1 Evocations


You had 9 spell levels left.
You didn't know any spells.

Dungeon Overview and Level Annotations

Branches:
Dungeon (8/15)             Temple (1/1) D:7
   Lair: D:8-11

Altars:
Ashenzari
Cheibriados
Dithmenos
Elyvilon
Fedhas
Gozag
Hepliaklqana
Kikubaaqudgha
Makhleb
Nemelex Xobeh
Okawaru
Qazlal
Ru
Sif Muna
Trog
Uskayaw
Vehumet
Wu Jian
Xom
Yredelemnul
Zin
The Shining One

Annotations:
D:5 2 transporters, AnimeWaifu's ghost, novice FeMo


Innate Abilities, Weirdness & Mutations

You are small and have problems with some larger weapons.
You are somewhat resistant to further mutation.


Message History

You feel yourself slow down.
You see here 2 stones.
Unknown command.
Unknown command.
The orc priest is no longer distracted by gold.
Items here: $ ( )) [[ You feel less confused.
The orc priest shouts!
Unknown command.
You hit the orc priest.
The orc priest is severely wounded.
The orc priest closely misses you.
The orc priest looks satisfied for a moment.
Unknown command.
You completely miss the orc priest.
The orc priest is severely wounded.
The orc priest calls down the wrath of Beogh upon you.
Pain shoots through your body!
You die...
Your body crumbles into a pile of gold.

#<.....#.........
######.#.######..
#.......#
#.......#
#.......#
#.#'##### ...#.#
#####$#########
#.(@o(...(.
###########


You could see an orc priest.

Vanquished Creatures
  Grinder (D:4)
  Eustachio (D:6)
  3 yaks
  A hungry ghost (D:7)
  Menkaure (D:4)
  4 orc warriors
  A phantom (D:5)
  An ogre (D:7)
  4 sky beasts
  2 centaurs
  Blork the orc (D:3)
  The ghost of AnimeWaifu the Sneak, an amateur FeWn (D:3)
  2 bullfrogs
  A water moccasin zombie (D:6)
  2 scorpions
  5 killer bees (D:7)
  A bullfrog zombie (D:5)
  A crimson imp (D:7)
  A centaur zombie (D:7)
  3 orc priests (D:6)
  A bullfrog skeleton (D:7)
  3 jellies
  4 hounds (D:4)
  8 orc wizards
  Natasha (thrice) (D:4)
  An iguana (D:7)
  6 worker ants
  Robin (D:4)
  4 adders
  2 shadow imps
  2 oozes
  An adder zombie (D:7)
  2 adder skeletons
  3 worms
  3 dart slugs
  6 leopard geckos
  29 orcs
  2 giant cockroaches
  11 goblins
  4 hobgoblins
  16 jackals
  8 kobolds
  2 quokkas (D:5)
  A ball python (D:2)
  9 bats
  5 frilled lizards
  A jackal skeleton (D:4)
  A quokka skeleton (D:6)
  8 rats
184 creatures vanquished.

Notes
Turn   | Place    | Note
-------+----------+-------------------------------------------
     0 | D:1      | morra the Halfling Hunter began the quest for the Orb.
     0 | D:1      | Reached XP level 1. HP: 14/14 MP: 1/1
    71 | D:1      | Reached XP level 2. HP: 20/20 MP: 2/2
   112 | D:1      | Reached XP level 3. HP: 23/25 MP: 3/3
   173 | D:1      | Reached skill level 1 in Maces & Flails
   916 | D:2      | Reached XP level 4. HP: 28/31 MP: 4/4
  1122 | D:2      | Reached skill level 2 in Maces & Flails
  1172 | D:2      | Found a shadowy altar of Dithmenos.
  1604 | D:3      | Noticed AnimeWaifu's ghost (amateur FeWn)
  1620 | D:3      | Killed AnimeWaifu's ghost
  1620 | D:3      | Reached XP level 5. HP: 36/36 MP: 5/5
  1633 | D:3      | Reached skill level 3 in Maces & Flails
  2130 | D:3      | Noticed a centaur
  2146 | D:3      | Killed a centaur
  2146 | D:3      | Reached XP level 6. HP: 8/43 MP: 6/6
  2457 | D:3      | Reached skill level 4 in Maces & Flails
  2781 | D:4      | Noticed Robin
  2799 | D:4      | Killed Robin
  3064 | D:4      | Reached XP level 7. HP: 48/48 MP: 7/7
  3135 | D:4      | Found an ornate altar of the Wu Jian Council.
  3159 | D:4      | Noticed Menkaure
  3168 | D:4      | Killed Menkaure
  3168 | D:4      | Reached skill level 5 in Maces & Flails
  3555 | D:4      | Noticed Blork the orc
  3555 | D:4      | Noticed Natasha
  3571 | D:4      | Killed Natasha
  3947 | D:4      | Noticed Natasha
  3951 | D:4      | Killed Natasha
  4026 | D:4      | Found a stormy altar of Qazlal.
  4031 | D:4      | Noticed Grinder
  4042 | D:4      | Killed Grinder
  4042 | D:4      | Reached skill level 5 in Fighting
  4042 | D:4      | Reached skill level 6 in Maces & Flails
  4042 | D:4      | Reached XP level 8. HP: 46/55 MP: 8/8
  4514 | D:4      | Noticed Natasha
  4519 | D:4      | Killed Natasha
  4708 | D:3      | Killed Blork the orc
  4812 | D:5      | Entered Level 5 of the Dungeon
  4812 | D:5      | Found a transporter.
  4812 | D:5      | Noticed a kobold demonologist
  4922 | D:5      | Found a transporter.
  5155 | D:5      | Reached skill level 7 in Maces & Flails
  5235 | D:5      | Found a sacrificial altar of Ru.
  5363 | D:5      | Noticed AnimeWaifu's ghost (novice FeMo)
  6149 | D:6      | Reached XP level 9. HP: 39/62 MP: 9/9
  6538 | D:6      | Reached skill level 8 in Maces & Flails
  7096 | D:6      | Noticed Eustachio
  7105 | D:6      | Killed Eustachio
  7132 | D:6      | Reached skill level 1 in Armour
  7132 | D:6      | Reached skill level 1 in Evocations
  7399 | D:7      | Reached skill level 9 in Maces & Flails
  7512 | D:7      | Found a staircase to the Ecumenical Temple.
  7525 | Temple   | Entered the Ecumenical Temple
  7646 | Temple   | Became a worshipper of Gozag Ym Sagoz the Greedy
  8032 | Temple   | Reached XP level 10. HP: 22/71 MP: 11/11
  8474 | D:7      | Found a blossoming altar of Fedhas.
  8504 | D:7      | Found a sparkling altar of Nemelex Xobeh.
  8805 | D:7      | Found a hazy altar of Hepliaklqana.
  9201 | D:8      | Killed from afar by an orc priest

Vault maps used:
D:1:      eino_arrival_tree_alley, kennysheep_nondescript
D:2:      nicolae_dithmenos_shadow_blocks
D:3:      wad_pebble_path
D:4:      overflow_temple_1_default, first_ration,
          nicolae_qazlal_general_emergency, uniq_blork_the_orc, uniq_natasha,
          uniq_grinder, uniq_robin, uniq_menkaure
D:5:      gammafunk_wand_slinger, nicolae_ru_path_of_blood
D:6:      uniq_eustachio
D:7:      kennysheep_mini, gammafunk_temple_overflow_wave,
          minmay_temple_entry_trees, grunt_ogre_cave
D:8:      uniq_joseph
Temple:   compressed_dpeg_circular_temple

Skill      XL: |  1  2  3  4  5  6  7  8  9 10 |
---------------+-------------------------------+-----
Fighting       | 2 3 4 5 7 |  7.3
Maces & Flails | 1 2 3 4 6 7 9 |  9.7
Armour         | 2 3 |  3.5
Evocations     | 2 3 |  3.1
Dodging        | 3 |  3.6
Slings         | |  5.8
Stealth        | |  1.1

Action                   |  1- 3 |  4- 6 |  7- 9 | 10-12 || total
-------------------------+-------+-------+-------+-------++-------
Melee: Short sword       |     5 |     8 |       |       ||    13
       Flail             |       |       |    63 |    33 ||    96
 Fire: Hunting sling     |   109 |   143 |   416 |   109 ||   777
Evoke: Wand              |       |       |    10 |     5 ||    15
  Use: Scroll            |       |     8 |     9 |     1 ||    18
       Potion            |       |     1 |       |     3 ||     4
 Stab: Paralysed         |       |       |     5 |       ||     5
  Eat: Chunk             |       |     6 |     9 |       ||    15
       Ration            |       |       |     4 |       ||     4
Armor: Leather armour    |     8 |       |       |       ||     8
       Skin              |       |     7 |       |       ||     7
       Ring mail         |       |    12 |    62 |    16 ||    90
       Scale mail        |       |       |       |     8 ||     8
Dodge: Dodged            |    26 |    33 |   139 |    73 ||   271

Table legend:
 A = Spawn XP
 B = Non-spawn XP
 C = Spawn XP percentage of total XP
 D = Spawn monster count
 E = Non-spawn monster count
 F = Spawn count percentage of total count
 G = Total turns spent on level
                    A         B        C        D         E        F      G
               +---------+---------+-------+---------+---------+-------+---------
         Total |       0 |    5418 |   0.0 |       0 |     184 |   0.0 |  9201
               +---------+---------+-------+---------+---------+-------+---------
           D:1 |       0 |      55 |   0.0 |       0 |      29 |   0.0 |   682
           D:2 |       0 |      40 |   0.0 |       0 |      17 |   0.0 |   721
           D:3 |       0 |     413 |   0.0 |       0 |      26 |   0.0 |  1739
           D:4 |       0 |     905 |   0.0 |       0 |      28 |   0.0 |  2051
           D:5 |       0 |     392 |   0.0 |       0 |      15 |   0.0 |  1143
           D:6 |       0 |    1625 |   0.0 |       0 |      29 |   0.0 |  1204
           D:7 |       0 |    1536 |   0.0 |       0 |      35 |   0.0 |  1169
           D:8 |       0 |     256 |   0.0 |       0 |       4 |   0.0 |   114
        Temple |       0 |     196 |   0.0 |       0 |       1 |   0.0 |   378
               +---------+---------+-------+---------+---------+-------+---------
